 Seeded DCSS version 0.31-a0-1-g4198be8af4 (webtiles) character file.

Game seed: 548224908236487523 (custom seed)

5474 Pimp the Spear-Bearer (level 10, -4/90 HPs)
             Began as a Pale Draconian Fighter on May 2, 2023.
             Slain by a gnoll sergeant
             ... wielding a +0 halberd
              (7 damage)
             ... in a bailey.
             The game lasted 00:14:19 (7381 turns).

Pimp the Spear-Bearer (Pale Draconian Fighter)      Turns: 7381, Time: 00:14:20

Health: -4/90      AC: 12    Str: 22    XL:     10   Next: 42%
Magic:  10/10      EV: 13    Int: 10    God:
Gold:   666        SH:  5    Dex: 10    Spells: 9/9 levels left

rFire   + . .        t - +8 lance "Wyrmbane" {slay drac, rPois rF+ rC+ AC+3}
rCold   + . .        b - +0 buckler
rNeg    + . .        (body armour unavailable)
rPois   +            (helmet restricted)
rElec   .            i - scarf {repulsion}
rCorr   .            (no gloves)
SInv    .            s - +1 pair of boots
Will    .....        (no amulet)
Stlth   +            d - ring of positive energy
HPRegen 0.35/turn    (no ring)
MPRegen 0.12/turn

%: repel missiles
@: hasted, very quick
A: breathe steam, AC +7, unfitting armour, cold-blooded, steam resistance
a: Breathe Steam


You were in a bailey.
You visited 1 branch of the dungeon, and saw 8 of its levels.
You also visited: Bailey.

You collected 726 gold pieces.
You spent 60 gold pieces at shops.

Inventory:

Hand Weapons
 a - a +0 trident
 t - the +8 lance "Wyrmbane" (weapon) {slay drac, rPois rF+ rC+ AC+3}
   (You found it on level 3 of the Dungeon)

   AC:        It affects your AC (+3).
   rF:        It protects you from fire.
   rC:        It protects you from cold.
   rPois:     It protects you from poison.
Missiles
 k - a throwing net (quivered)
Armour
 b - a +0 buckler (worn)
 e - a +2 cloak
 i - a scarf of repulsion (worn)
 s - a +1 pair of boots (worn)
 H - a +0 cloak of preservation
Jewellery
 d - a ring of positive energy (left hand)
 q - a ring of ice
Wands
 n - a wand of polymorph (15)
 y - a wand of acid (8)
 A - a wand of roots (6)
 B - a wand of paralysis (9)
 G - a wand of mindburst (16)
Scrolls
 c - 6 scrolls of identify
 o - 2 scrolls of fear {unknown}
 p - 3 scrolls of noise {unknown}
 r - a scroll of fog {unknown}
 u - a scroll of poison {unknown}
 x - a scroll of vulnerability {unknown}
 C - a scroll of torment {unknown}
 E - a scroll of immolation {unknown}
Potions
 g - a potion of magic
 l - 2 potions of flight
 m - a potion of mutation {unknown}
 v - a potion of brilliance
 w - 2 potions of degeneration
 z - a potion of invisibility
 D - a potion of attraction {unknown}


   Skills:
 + Level 8.5 Fighting
 * Level 9.8 Polearms
 + Level 7.1 Dodging
 + Level 7.8 Shields


You had 9 spell levels left.
You didn't know any spells.
Your spell library contained the following spells:

 Spells                   Type           Power      Damage    Failure   Level
 Blink                    Tloc           0%         N/A       54%         2
 Lesser Beckoning         Tloc           0%         N/A       54%         2
 Momentum Strike          Conj/Tloc      0%         3d8       54%         2
 Portal Projectile        Hex/Tloc       0%         N/A       78%         3
 Tukima's Dance           Hex            0%         N/A       78%         3
 Blade Hands              Tmut           0%         N/A       100%        5


Dungeon Overview and Level Annotations

Branches:
Dungeon (8/15)             Temple (0/1) D:5          Bailey (1/1)
   Lair: D:8-11

Altars:
Fedhas
Nemelex Xobeh
Xom

Shops:
D:4 *   D:8 ?


Innate Abilities, Weirdness & Mutations

You can breathe blasts of scalding, opaque steam.
Your pale cyan-grey scales are hard. (AC +7)
You cannot fit into any form of body armour.
You are cold-blooded and may be slowed by cold attacks.
You are immune to the effects of steam.


Message History

You hit the wolf.
The wolf is almost dead.
The wolf closely misses you.
The gnoll bouda calls upon its god to heal the gnoll.
The gnoll's wounds heal themselves!
The wolf bites you.
* * * LOW HITPOINT WARNING * * *
You hear a shout!
As you read the scroll of enchant armour, it crumbles to dust.
Your +0 pair of boots glows green for a moment.
The wolf bites you.
* * * LOW HITPOINT WARNING * * *
The wolf misses you. You block the wolf's attack.
You block the gnoll sergeant's attack. The wolf attacks as you move away!
The wolf closely misses you. The wolf bites you but does no damage.
The wolf bites you.
* * * LOW HITPOINT WARNING * * *
The wolf bites you but does no damage.
The gnoll bouda barks out a call to the hunt!
The gnolls pick up the pace!
You block the wolf's attack.
You hear a howl!
You block the wolf's attack. The wolf attacks as you move away!
You block the wolf's attack. The wolf bites you!
* * * LOW HITPOINT WARNING * * *
The wolf bites you.
* * * LOW HITPOINT WARNING * * *
Okay, then.
You feel better. The wolf closely misses you. x2
The gnoll sergeant hits you from afar with a +0 halberd!
* * * LOW HITPOINT WARNING * * *
The wolf misses you. The wolf bites you.
* * * LOW HITPOINT WARNING * * *
You feel yourself speed up. The wolf bites you but does no damage.
You block the gnoll sergeant's attack. The wolf closely misses you.
The gnoll hits you but does no damage.
You closely miss the wolf. The wolf closely misses you.
You block the wolf's attack.
The gnoll sergeant hits you from afar with a +0 halberd!
You die...

♣♣♣♣♣♣♣♣♣♣♣♣♣♣♣♣♣♣♣
♣♣≈≈≈≈≈≈≈≈≈≈≈≈≈≈≈≈≈♣♣
♣≈≈....hg.........≈≈♣
♣≈....@hgg.)....)..≈♣
♣≈..#####.g.#####..≈♣
♣≈,##...#(.)#...##.≈♣
*~##.(..'..)'g)..##≈♣
*~#.....#.))#.....#≈♣
*~#8....##'##....8#≈♣
*~#..))##...##....#≈♣
*~#...##.....##...#≈♣
*~#...#.......#...#≈♣


You could see a gnoll sergeant (swift), 2 wolves, a gnoll bouda and 2 gnolls.

Vanquished Creatures
  A skeletal warrior (D:7)
  The ghost of bande the Chopper, a novice GrFi of Okawaru (D:6)
  Pikel (D:4)
  A gargoyle (D:7)
  A vampire mosquito (D:7)
  An acid dragon (D:7)
  Duvessa (D:7)
  A water moccasin (D:7)
  An orc warrior (D:8)
  2 black bears
  2 ice beasts
  3 ogres
  2 wolves (Bailey)
  3 centaurs
  2 phantoms
  2 bullfrogs (D:6)
  4 necrophages (D:7)
  5 gnoll sergeants (Bailey)
  2 scorpions (D:5)
  Dowan (D:7)
  2 jellies
  5 hounds
  4 gnoll boudas (Bailey)
  6 orc priests
  4 iguanas
  5 orc wizards
  A killer bee zombie (D:7)
  23 gnolls
  A howler monkey zombie (D:7)
  6 adders
  3 shadow imps (D:5)
  A white imp (D:7)
  An ufetubus (D:5)
  5 worms
  2 dart slugs
  24 orcs
  3 bats
  10 endoplasms
  2 giant cockroaches (D:2)
  14 goblins
  10 hobgoblins
  3 jackals (D:1)
  5 kobolds
  2 quokkas
  7 ball pythons
  2 frilled lizards (D:1)
  4 rats
  A bush (D:7)
193 creatures vanquished.

Vanquished Creatures (others)
  13 plants
13 creatures vanquished.

Grand Total: 206 creatures vanquished

Notes
Turn   | Place    | Note
-------+----------+-------------------------------------------
     0 | D:1      | Pimp the Draconian Fighter began the quest for the Orb.
     0 | D:1      | Reached XP level 1. HP: 19/19 MP: 1/1
   208 | D:1      | Reached XP level 2. HP: 25/26 MP: 2/2
   814 | D:1      | HP: 1/26 [gnoll/+0 whip (4)]
   816 | D:1      | Reached XP level 3. HP: 2/33 MP: 3/3
  1199 | D:2      | Reached XP level 4. HP: 37/40 MP: 4/4
  1366 | D:2      | Found a faded altar of an unknown god.
  2017 | D:3      | Reached skill level 3 in Polearms
  2045 | D:3      | Reached XP level 5. HP: 40/46 MP: 5/5
  2182 | D:3      | Found a shimmering altar of Xom.
  2696 | D:3      | Found the +8 lance "Wyrmbane" {slay drac, rPois rF+ rC+
                  | AC+3}
  2906 | D:4      | Noticed an ogre
  2914 | D:4      | Killed an ogre
  2915 | D:4      | Reached XP level 6. HP: 23/53 MP: 6/6
  3256 | D:4      | Reached skill level 5 in Fighting
  3256 | D:4      | Reached skill level 4 in Polearms
  3360 | D:4      | Your scales start taking on a pale cyan-grey colour.
  3360 | D:4      | Reached XP level 7. HP: 61/61 MP: 7/7
  3360 | D:4      | Gained mutation: You are immune to the effects of steam.
                  | [Pale Draconian growth]
  3388 | D:4      | Found Wiajugh's General Store.
  3391 | D:4      | Bought a potion of heal wounds for 60 gold pieces
  3435 | D:5      | Entered Level 5 of the Dungeon
  3487 | D:5      | Noticed Pikel
  3524 | D:4      | Killed Pikel
  3525 | D:4      | Reached skill level 5 in Polearms
  3525 | D:4      | Reached skill level 5 in Shields
  3525 | D:4      | Reached XP level 8. HP: 44/70 MP: 8/8
  3643 | D:5      | Reached skill level 5 in Dodging
  3646 | D:5      | Reached skill level 6 in Polearms
  3860 | D:5      | Found a staircase to the Ecumenical Temple.
  4107 | D:5      | Found a sparkling altar of Nemelex Xobeh.
  4339 | D:5      | Reached skill level 7 in Polearms
  4485 | D:6      | Found a runed translucent door.
  4491 | D:6      | Noticed bande's ghost (novice GrFi)
  4534 | D:6      | Killed bande's ghost
  4535 | D:6      | Reached XP level 9. HP: 38/79 MP: 9/9
  4813 | D:6      | Reached skill level 8 in Polearms
  5450 | D:7      | Found a blossoming altar of Fedhas.
  5722 | D:7      | Noticed Duvessa
  5722 | D:7      | Noticed Dowan
  5737 | D:7      | Killed Duvessa
  5747 | D:7      | Killed Dowan
  5875 | D:7      | Noticed a gargoyle
  5899 | D:7      | Killed a gargoyle
  6085 | D:7      | Noticed a skeletal warrior
  6117 | D:7      | HP: 2/81 [skeletal warrior/+0 mace (19)]
  6122 | D:7      | Killed a skeletal warrior
  6123 | D:7      | Reached skill level 9 in Polearms
  6123 | D:7      | Reached XP level 10. HP: 16/88 MP: 10/10
  6694 | D:8      | Found Tutioptimo's Magic Scroll Boutique.
  6743 | D:8      | Found a flagged portal.
  6766 | Bailey   | Entered a bailey
  7379 | Bailey   | HP: 4/90 [gnoll sergeant/+0 halberd (12)]
  7381 | Bailey   | Slain by a gnoll sergeant

Illustrated notes

Levels and vault maps discovered:
D:1:      evilmike_arrival_rings, layout_rooms, serial_glass, glass_columns_c,
          glass_columns_a, glass_columns_a, glass_columns_a
D:2:      layout_loops_corners, shapermc_ecumenical_altar_totnotflames
D:3:      corexii_shack_village, layout_loops_ring, amcnicky_altar_gilded,
          st_stairs_13, chequers_serial_rivers_room_a
D:4:      minmay_angry_zag, layout_rooms, serial_shops, kennysheep_mini
D:5:      nicolae_cairo_tiling, layout_basic, nemelex_altar_shiori,
          temple_statues, minmay_misc_feat_tiny, uniq_pikel
D:6:      layout_loops_ring, ebering_ghost_sewer_d
D:7:      layout_loops_ring, fedhas_altar_decomposition, kb_rosetta,
          uniq_duvessa
D:8:      layout_basic, serial_shops, nicolae_shop_statue_plus, enter_bailey_5
Bailey:   bailey_polearm_gnolls_kennysheep, bailey

Skill      XL: |  1  2  3  4  5  6  7  8  9 10 |
---------------+-------------------------------+-----
Dodging        | 3 4 5 6 7 |  7.1
Fighting       | 4 5 7 8 |  8.5
Polearms       | 3 4 5 7 9 |  9.8
Shields        | 4 5 6 7 |  7.8

Action                     |  1- 3 |  4- 6 |  7- 9 | 10-12 || total
---------------------------+-------+-------+-------+-------++-------
  Melee: Trident           |    75 |   111 |       |       ||   186
         Tailslap          |    12 |    18 |    40 |    25 ||    95
         Lance             |       |    66 |   223 |   185 ||   474
Ability: Breathe Steam     |       |       |     3 |     4 ||     7
    Use: Potion            |     1 |       |     7 |     3 ||    11
         Scroll            |       |       |    10 |     2 ||    12
   Stab: Distracted        |       |       |     1 |       ||     1
 Armour: Skin              |    14 |    44 |    57 |    48 ||   163
  Dodge: Dodged            |    69 |    99 |   117 |   123 ||   408
         Repelled          |       |       |     1 |     1 ||     2
  Block: Buckler           |    16 |    29 |    42 |    57 ||   144

Table legend: (Time is in decaauts)
 A = Elapsed time spent in this place.
 B = Non-inter-level travel time spent in this place.
 C = Inter-level travel time spent in this place.
 D = Time resting spent in this place.
 E = Time spent auto-exploring this place.
 F = Levels seen in this place.
 G = Mean time per level.
                   A        B        C        D        E       F      G
               +--------+--------+--------+--------+--------+-----+--------+
         Total |   7288 |   7044 |    244 |   1450 |   4052 |   9 |  809.8 |
       Dungeon |   6703 |   6459 |    244 |   1052 |   4016 |   8 |  837.9 |
        Bailey |    584 |    584 |      0 |    398 |     36 |   1 |  584.0 |
               +--------+--------+--------+--------+--------+-----+--------+

Top non-repeatable levels by time:
     D:7: 1296 daAuts
     D:3: 1031 daAuts
     D:2: 995 daAuts
     D:1: 891 daAuts
     D:5: 881 daAuts
     D:6: 852 daAuts
     D:4: 650 daAuts
  Bailey: 584 daAuts
     D:8: 104 daAuts
